 Dungeon Crawl Stone Soup version 0.18.1-50-g88ac8fd (webtiles) character file.

1394 Gargoyl the Covered (level 8, -2/61 HPs)
             Began as a Demonspawn Abyssal Knight on Oct 27, 2016.
             Was an Elder of Lugonu.
             Slain by a yak (7 damage)
             ... on level 6 of the Dungeon.
             The game lasted 00:08:22 (5156 turns).

Gargoyl the Covered (Demonspawn Abyssal Knight)     Turns: 5156, Time: 00:08:23

Health: -2/61      AC: 15    Str: 14      XL:     8   Next: 41%
Magic:  12/12      EV:  6    Int: 10 (13) God:    Lugonu [****..]
Gold:   226        SH:  0    Dex: 13 (14) Spells: 0 memorised, 7 levels left

rFire  . . .     SeeInvis .     e - +4 war axe
rCold  + . .     Gourm    .     k - +2 chain mail {rPois}
rNeg   . . .     Faith    .     r - +0 buckler
rPois  +         Spirit   .     (no helmet)
rElec  .         Dismiss  .     h - +1 cloak
rCorr  .         Reflect  .     (no gloves)
SustAt .         Harm     .     (no boots)
MR     .....                    (no amulet)
Stlth  ..........               v - ring of protection from cold
                                t - +1 ring of protection

@: confused, lethally poisoned (-2 -> -12), slowed, very slow, not resistant to
hostile enchantments, extremely unstealthy
A: claws 2, hooves 1, spiny 1
a: Depart the Abyss, Bend Space, Banish, Corrupt, Renounce Religion


You were on level 6 of the Dungeon.
You worshipped Lugonu.
Lugonu was greatly pleased with you.
You were very hungry.

You visited 1 branch of the dungeon, and saw 7 of its levels.
You visited the Abyss 1 time.

You collected 478 gold pieces.
You spent 252 gold pieces at shops.

Inventory:

Hand Weapons
 a - a +1 hand axe
 e - a +4 war axe (weapon)
 p - a +0 scythe of venom
Missiles
 w - 3 tomahawks (quivered)
Armour
 h - a +1 cloak (worn)
 k - a +2 chain mail of poison resistance (worn)
 r - a +0 buckler (worn)
Jewellery
 t - a +1 ring of protection (left claw)
 v - a ring of protection from cold (right claw)
 y - a +6 ring of intelligence {unknown}
Scrolls
 g - 3 scrolls of remove curse
 j - 4 scrolls of amnesia
 s - a scroll of teleportation
 u - a scroll of identify
 x - a scroll of magic mapping {unknown}
Potions
 d - a potion of degeneration
 i - 2 potions of berserk rage
 l - a potion of haste {unknown}
 m - 4 potions of curing {unknown}
 n - 2 potions of heal wounds {unknown}
 q - a potion of beneficial mutation {unknown}
 z - a potion of flight {unknown}
Comestibles
 c - 5 bread rations
 f - 4 fruits
 o - 2 meat rations


   Skills:
 + Level 4.7 Fighting
 + Level 4.1 Axes
 * Level 6.5 Armour
 + Level 2.5 Dodging
 + Level 0.8 Shields
 * Level 6.0 Invocations


You had 7 spell levels left.
You didn't know any spells.

Dungeon Overview and Level Annotations

Branches:
Dungeon (7/15)
 Temple: D:4-7

Altars:
Ashenzari
Elyvilon
Okawaru
Pakellas
Qazlal
Xom

Shops:
D:2 }   D:4 [   D:6 }   D:7 !


Innate Abilities, Weirdness & Mutations

You have very sharp fingernails.
You have large cloven feet.
You are partially covered in sharp spines.


Message History

The yak gores you. The yak is struck by your spines.
The yak gores you but does no damage.
The kobold shoots a curare-tipped needle.
The curare-tipped needle hits you.
You have difficulty breathing.
* * * LOW HITPOINT WARNING * * *
You feel as though you will be slow longer.
The yak gores you.
* * * LOW HITPOINT WARNING * * *
You climb upwards.
* * * LOW HITPOINT WARNING * * *
You feel sick.
There is a stone staircase leading down here.
Drink which item? (? for menu, Esc to quit)
You are confused.
You feel invigorated.
* * * LOW HITPOINT WARNING * * *
You feel sick. The big kobold hits you.
* * * LOW HITPOINT WARNING * * *
The yak gores you!
You die...

##### ####### ######### #...#
......# #...>...# #...#
......# #.......# #...#
......# #.......# ##..<#
......# #...=...###....#
......# #.......##.....#####
......######.#.YYY...#...#...#
#####..........#@.###....#...#
###..#####..###K.#.<.......#
#......#...## ##...#.......#
##.###.....## #..##.#######
##..###.###.######..##.#
...###..# #.....#......#
.....#.## #####.....##########
####...# ###....###.....#
#.<...## #.(#.........#


You could see 3 yaks and a big kobold.

Vanquished Creatures
  Sigmund (D:4)
  A yak (D:7)
  The ghost of Gargoyl the Distorting Demonspawn, an amateur DsAK of Lugonu (D:3)
  Menkaure (D:6)
  An ogre (D:4)
  A giant frog (D:6)
  A crimson imp (D:6)
  3 orc priests
  3 hounds
  Crazy Yiuf (D:2)
  A gnoll shaman (D:4)
  A giant frog skeleton (D:6)
  A centaur skeleton (D:4)
  An iguana (D:5)
  2 worker ants
  11 adders
  5 gnolls (D:4)
  A shadow imp (D:6)
  2 oozes
  2 adder skeletons (D:4)
  9 worms
  3 giant geckos
  18 orcs
  5 bats
  4 giant cockroaches
  6 goblins
  4 hobgoblins
  8 jackals
  5 quokkas
  3 giant newts
  2 kobolds
  A quokka skeleton (D:6)
  A quokka zombie (D:5)
  6 rats
116 creatures vanquished.

Notes
Turn   | Place    | Note
--------------------------------------------------------------
     0 | Abyss:1  | Gargoyl the Demonspawn Abyssal Knight began the quest for the Orb.
     0 | Abyss:1  | Reached XP level 1. HP: 18/18 MP: 2/2
   113 | Abyss:3  | Found a corrupted altar of Lugonu.
   119 | Abyss:3  | Noticed a large abomination
   152 | Abyss:3  | Noticed a wretched star
   156 | D:1      | Escaped the Abyss
   158 | D:1      | Reached * piety under Lugonu
   160 | D:1      | Reached skill level 1 in Dodging
   232 | D:1      | Gained mutation: You are partially covered in sharp spines. [demonic ancestry]
   232 | D:1      | Reached XP level 2. HP: 20/24 MP: 3/3
   297 | D:1      | Noticed a big kobold
   298 | D:1      | Noticed a big kobold
   300 | D:1      | Noticed a big kobold
   301 | D:1      | Noticed a big kobold
  1173 | D:2      | Reached XP level 3. HP: 29/29 MP: 3/5
  1202 | D:2      | Found a shimmering altar of Xom.
  1225 | D:2      | Found an iron altar of Okawaru.
  1275 | D:2      | Found an oddly glowing altar of Pakellas.
  1275 | D:2      | Found Pakellas's Prime Provisions.
  1808 | D:2      | Noticed Crazy Yiuf
  1814 | D:2      | Killed Crazy Yiuf
  1814 | D:2      | Gained mutation: You have sharp fingernails. [demonic ancestry]
  1814 | D:2      | Reached XP level 4. HP: 11/35 MP: 6/6
  2142 | D:3      | Found a faded altar to an unknown god.
  2237 | D:3      | Reached ** piety under Lugonu
  2354 | D:3      | Noticed Gargoyl's ghost (amateur DsAK)
  2372 | D:3      | Killed Gargoyl's ghost
  2372 | D:3      | Reached XP level 5. HP: 9/42 MP: 6/8
  2590 | D:3      | Found a shattered altar of Ashenzari.
  2814 | D:3      | Reached XP level 6. HP: 42/48 MP: 9/9
  3005 | D:4      | Found Wyos's Antique Armour Shoppe.
  3005 | D:4      | Noticed Sigmund
  3009 | D:4      | Killed Sigmund
  3107 | D:4      | Bought a shiny chain mail for 126 gold pieces
  3107 | D:4      | Bought a buckler for 126 gold pieces
  3138 | D:4      | Reached skill level 5 in Armour
  3138 | D:4      | Gained mutation: You have very sharp fingernails. [demonic ancestry]
  3138 | D:4      | Reached XP level 7. HP: 12/53 MP: 10/10
  3722 | D:4      | Reached *** piety under Lugonu
  3743 | D:4      | Found a stormy altar of Qazlal.
  3943 | D:4      | Reached skill level 5 in Invocations
  4099 | D:5      | Entered Level 5 of the Dungeon
  4573 | D:6      | Reached **** piety under Lugonu
  4575 | D:6      | Gained mutation: You have large cloven feet. [demonic ancestry]
  4575 | D:6      | Reached XP level 8. HP: 56/61 MP: 11/11
  4610 | D:6      | Found Pishruoll's Gadget Boutique.
  4667 | D:6      | Found a white marble altar of Elyvilon.
  4687 | D:6      | Noticed Menkaure
  4701 | D:6      | Killed Menkaure
  5147 | D:7      | Found Daecifyxt's Distillery.
  5156 | D:6      | Slain by a yak

Skill      XL: |  1  2  3  4  5  6  7  8 |
---------------+-------------------------+-----
Dodging        | 1 2 |  2.5
Armour         | 2 3 4 5 6 |  6.5
Axes           | 2 3 4 |  4.1
Invocations    | 3 4 5 6 |  6.0
Fighting       | 4 |  4.7
Shields        | |  0.8

Action                   |  1- 3 |  4- 6 |  7- 9 || total
-------------------------+-------+-------+-------++-------
Melee: War axe           |    36 |    50 |    94 ||   180
       Kick              |       |       |     5 ||     5
Invok: Depart the Abyss  |     1 |       |       ||     1
  Use: Scroll            |     4 |     2 |     5 ||    11
       Potion            |       |     1 |     4 ||     5
  Eat: Chunk             |     2 |     5 |     6 ||    13
Armor: Leather armour    |     9 |       |       ||     9
       Ring mail         |    11 |     8 |       ||    19
       Chain mail        |       |    12 |    67 ||    79
       Skin              |       |       |     5 ||     5
Dodge: Dodged            |    26 |    19 |    30 ||    75
Block: Buckler           |       |     5 |    22 ||    27
